 Dungeon Crawl Stone Soup version 0.19.4-8-ga85b6b9 (webtiles) character file.

30628 Peloso the Carver (level 13, -8/118 HPs)
             Began as a Minotaur Fighter on Feb 8, 2017.
             Was the Champion of Okawaru.
             Mangled by a merfolk
             ... wielding a +0 trident
              (13 damage)
             ... on level 4 of the Lair of Beasts.
             The game lasted 00:39:19 (14448 turns).

Peloso the Carver (Minotaur Fighter)               Turns: 14448, Time: 00:39:19

Health: -8/118     AC: 21    Str: 29    XL:     13   Next: 21%
Magic:  12/12      EV: 10    Int:  5    God:    Okawaru [******]
Gold:   820        SH: 14    Dex: 13    Spells: 0 memorised, 12 levels left

rFire  + . .     SeeInvis .     J - +2 scimitar (flame)
rCold  . . .     Gourm    .     N - +0 plate armour
rNeg   . . .     Faith    .     c - +0 shield
rPois  .         Spirit   .     (helmet restricted)
rElec  +         Reflect  .     (no cloak)
rCorr  .         Harm     +     Z - +2 pair of gloves "Tostesam" {rElec rF+ Slay+2}
MR     .....                    o - +0 pair of boots {Fly}
Stlth  ..........               x - amulet of harm
                                H - +4 ring of strength
                                L - +2 ring of strength

@: flying
A: retaliatory headbutt, horns 2
a: Heroism, Finesse, Renounce Religion, Stop Flying


You were on level 4 of the Lair of Beasts.
You worshipped Okawaru.
Okawaru was exalted by your worship.
You were not hungry.

You visited 3 branches of the dungeon, and saw 16 of its levels.
You also visited: Sewer and Ice Cave.

You collected 1177 gold pieces.
You spent 357 gold pieces at shops.

Inventory:

Hand Weapons
 a - the +4 long sword of Doses {speed, rElec rPois}
   (Okawaru gifted it to you on level 1 of the Lair of Beasts)

   Attacks with this weapon are significantly faster.
   It insulates you from electricity.
   It protects you from poison.
 J - a +2 scimitar of flaming (weapon)
Armour
 c - a +0 shield (worn)
 o - a +0 pair of boots of flying (worn)
 N - a +0 plate armour (worn)
 Z - the +2 pair of gloves "Tostesam" (worn) {rElec rF+ Slay+2}
   (Okawaru gifted it to you on level 10 of the Dungeon)

   It affects your accuracy and damage with ranged weapons and melee attacks
   (+2).
   It protects you from fire.
   It insulates you from electricity.
Jewellery
 d - an uncursed ring of positive energy
 q - an uncursed ring of flight
 x - an amulet of harm (around neck)
 H - a +4 ring of strength (right hand)
 L - a +2 ring of strength (left hand)
 U - an uncursed ring of protection from fire
 X - an uncursed ring of protection from fire
Wands
 l - a wand of slowing (41/48)
 r - a wand of lightning (8/15)
 y - a wand of lightning (11/15)
 E - a wand of lightning (9/15)
 K - a wand of flame (29/48)
Scrolls
 b - a scroll of identify
 e - a scroll of magic mapping
 g - 6 scrolls of fog
 k - 13 scrolls of teleportation
 p - 5 scrolls of enchant armour {unknown}
 s - a scroll of holy word {unknown}
 A - 3 scrolls of enchant weapon
 B - a scroll of blinking
 C - 7 scrolls of remove curse
 F - a scroll of recharging {unknown}
 O - a scroll of fear {unknown}
 Q - a scroll of silence {unknown}
 W - 3 scrolls of summoning {unknown}
 Y - a scroll of vulnerability {unknown}
Potions
 i - 4 potions of heal wounds
 j - 3 potions of haste
 t - a potion of might
 u - a potion of agility
 v - a potion of cure mutation
 w - 3 potions of flight
 z - 6 potions of curing
 G - 2 potions of cancellation {unknown}
 I - 2 potions of mutation {unknown}
 M - a potion of invisibility {unknown}
 R - 3 potions of berserk rage {unknown}
 V - a potion of magic {unknown}
Comestibles
 f - 11 bread rations
 h - 7 fruits
 m - 7 meat rations
 n - 4 beef jerkies
 D - 5 chunks of flesh
 T - a royal jelly


   Skills:
 + Level 12.2 Fighting
 + Level 14.9 Long Blades
 + Level 13.0 Armour
 + Level 4.8 Dodging
 + Level 1.3 Stealth
 + Level 12.9 Shields
 + Level 0.2 Invocations


You had 12 spell levels left.
You didn't know any spells.

Dungeon Overview and Level Annotations

Branches:
Dungeon (11/15)            Temple (1/1) D:4            Lair (4/6) D:9
 Shoals (0/4) Lair:4       Spider (0/4) Lair:4
    Orc: D:9-12

Altars:
Ashenzari
Dithmenos
Fedhas
Gozag
Makhleb
Nemelex Xobeh
Okawaru
Qazlal
Trog
Vehumet
Xom
Zin
Beogh

Shops:
D:5 *   D:6 *


Innate Abilities, Weirdness & Mutations

You reflexively headbutt those who attack you in melee.
You have a pair of horns on your head.


Message History

You struggle against the net.
The merfolk hits you from afar with a trident!
You tear a large gash into the net.
The merfolk hits you from afar with a trident!
* * * LOW HITPOINT WARNING * * *
The merfolk hits you but does no damage.
The merfolk hits you from afar with a trident!
* * * LOW HITPOINT WARNING * * *
You rip the net and break free!
You block the merfolk's attack. The merfolk closely misses you.
The merfolk hits you but does no damage.
You block the merfolk's attack.
The merfolk hits you but does no damage. x2
Things that are here:
a spear; a potion of curing; a merfolk corpse You slash the merfolk!
You burn the merfolk. You headbutt the merfolk.
You kill the merfolk!
Okawaru accepts your kill. The merfolk hits you with a trident!
You die...

## .....##............# P
#.........#####..# .
####..#P### #... ##
######..### .. .#
##.......#### .#
#........#..# .##
#.........#m## ..#
#..........#.##
..#####....(...)@.# ...#
#P........m..≈.#
...###..........P#.≈≈≈#
....###.........P#...≈≈≈≈
..P###.........#####..#>#
#..P####.....[.# ##...
P...# ##....### ###
.P.P## ##...# #..PP##


You could see 2 merfolk.

Vanquished Creatures
  5 hydras
  Erica (D:8)
  The ghost of Naow the Thaumaturge, a journeyman DEFE of Vehumet (D:11)
  The ghost of emsyzz the Thaumaturge, a journeyman DEFE of Sif Muna (D:11)
  Pikel (D:7)
  2 hill giants
  An orc knight (D:11)
  3 ugly things
  A wolf spider (Lair:4)
  2 cyclopes
  6 elephants (Lair:4)
  A siren (Lair:4)
  2 ice statues (IceCv)
  7 spiny frogs
  A gargoyle (D:11)
  A rime drake (Lair:4)
  3 komodo dragons
  2 merfolk
  A polar bear (Lair:2)
  2 trolls (D:11)
  4 blink frogs (Lair:4)
  4 slime creatures (D:10)
  9 hippogriffs
  Sigmund (D:2)
  2 wraiths
  2 wyverns
  Eustachio (D:5)
  A basilisk (Lair:3)
  A hungry ghost (D:11)
  8 yaks
  Grum (D:8)
  Edmund (D:4)
  A soldier ant (D:10)
  6 water moccasins
  3 porcupines
  13 orc warriors
  A hornet zombie (D:8)
  2 sky beasts
  6 ice beasts (IceCv)
  A slave (D:7)
  A phantom (D:6)
  A black bear (Lair:2)
  A tengu (shapeshifter) (D:10)
  6 ogres
  A centaur (D:11)
  2 wolves (D:8)
  7 crocodiles
  10 bullfrogs
  The ghost of Naow the Magician, an amateur DEFE (D:3)
  7 scorpions
  3 killer bees (D:11)
  3 wights (D:8)
  An electric eel (D:6)
  2 howler monkeys
  7 crimson imps
  A bullfrog zombie (D:6)
  2 jellies
  A quasit (D:11)
  7 orc priests
  2 gnoll shamans
  4 hounds
  A centaur skeleton (D:6)
  4 iguanas
  12 orc wizards
  8 worker ants
  2 hound skeletons
  2 worker ant zombies
  17 gnolls
  12 adders
  2 river rats (D:9)
  A shadow imp (D:5)
  12 white imps (Lair:2)
  4 oozes (Sewer)
  An adder skeleton (D:4)
  An adder zombie (D:7)
  5 worms
  2 dart slugs
  3 leopard geckos
  61 orcs
  4 ball pythons
  5 giant cockroaches
  9 goblins
  12 hobgoblins
  6 jackals
  6 quokkas
  20 bats
  4 frilled lizards
  8 kobolds
  16 rats
  A plant (D:9)
423 creatures vanquished.

Vanquished Creatures (others)
  A dart slug (D:1)
  A plant (Lair:1)
2 creatures vanquished.

Grand Total: 425 creatures vanquished

Notes
Turn   | Place    | Note
-------+----------+-------------------------------------------
     0 | D:1      | Peloso the Minotaur Fighter began the quest for the Orb.
     0 | D:1      | Reached XP level 1. HP: 19/19 MP: 0/0
   332 | D:1      | Reached XP level 2. HP: 23/27 MP: 1/1
  1016 | D:2      | Reached XP level 3. HP: 32/33 MP: 2/2
  1152 | D:2      | Reached skill level 3 in Long Blades
  1182 | D:2      | Reached XP level 4. HP: 20/40 MP: 3/3
  1283 | D:2      | Noticed Sigmund
  1294 | D:2      | Killed Sigmund
  1294 | D:2      | Reached skill level 4 in Long Blades
  1294 | D:2      | Reached skill level 1 in Dodging
  1294 | D:2      | Reached XP level 5. HP: 26/47 MP: 4/4
  1333 | D:2      | Reached skill level 5 in Shields
  1583 | D:3      | Found a glowing drain.
  1597 | Sewer    | Entered a sewer
  1609 | Sewer    | Reached XP level 6. HP: 43/53 MP: 5/5
  1803 | Sewer    | Reached skill level 5 in Armour
  2349 | D:3      | Reached skill level 5 in Long Blades
  2653 | D:3      | Noticed Naow's ghost (amateur DEFE)
  2684 | D:3      | Killed Naow's ghost
  2906 | D:3      | Reached skill level 5 in Fighting
  2906 | D:3      | Reached XP level 7. HP: 15/61 MP: 6/6
  3567 | D:4      | Reached skill level 6 in Long Blades
  3777 | D:4      | Found a blossoming altar of Fedhas.
  4025 | D:4      | Found a stormy altar of Qazlal.
  4025 | D:4      | Found a shadowy altar of Dithmenos.
  4030 | D:4      | Found a burning altar of Makhleb.
  4032 | D:4      | Found a sparkling altar of Nemelex Xobeh.
  4033 | D:4      | Found a faded altar of an unknown god.
  4168 | D:4      | Found a staircase to the Ecumenical Temple.
  4224 | Temple   | Entered the Ecumenical Temple
  4336 | Temple   | Became a worshipper of Warmaster Okawaru
  4391 | D:5      | Entered Level 5 of the Dungeon
  4408 | D:5      | Noticed Edmund
  4445 | D:4      | Killed Edmund
  4445 | D:4      | Reached XP level 8. HP: 28/69 MP: 7/7
  4783 | D:5      | Found Liamefun's Assorted Antiques.
  4880 | D:5      | Noticed Eustachio
  4912 | D:5      | Killed Eustachio
  5152 | D:5      | Reached * piety under Okawaru
  5152 | D:5      | Reached skill level 7 in Long Blades
  5716 | D:6      | Reached skill level 8 in Long Blades
  5911 | D:6      | Found Qisoaruck's General Store.
  5917 | D:6      | Bought a scroll of identify for 26 gold pieces
  5917 | D:6      | Bought 3 scrolls of enchant weapon for 292 gold pieces
  5917 | D:6      | Bought a scroll of remove curse for 39 gold pieces
  5978 | D:6      | Reached ** piety under Okawaru
  6170 | D:6      | Reached skill level 1 in Stealth
  6279 | D:7      | Reached XP level 9. HP: 78/78 MP: 8/8
  6288 | D:7      | Found a bloodstained altar of Trog.
  6839 | D:7      | Noticed Pikel
  6853 | D:7      | Killed Pikel
  6853 | D:7      | Reached skill level 9 in Long Blades
  7295 | D:8      | Noticed Erica
  7315 | D:8      | Killed Erica
  7315 | D:8      | Reached *** piety under Okawaru
  7315 | D:8      | Reached skill level 10 in Long Blades
  7526 | D:8      | Noticed Grum
  7544 | D:8      | Killed Grum
  7544 | D:8      | Reached XP level 10. HP: 44/88 MP: 9/9
  7846 | D:8      | Reached **** piety under Okawaru
  7846 | D:8      | Reached skill level 11 in Long Blades
  8725 | D:9      | Found a shattered altar of Ashenzari.
  9026 | D:9      | Found a staircase to the Lair.
  9049 | D:10     | Entered Level 10 of the Dungeon
  9102 | D:10     | Noticed a hill giant
  9109 | D:10     | Killed a hill giant
  9109 | D:10     | Reached ***** piety under Okawaru
  9190 | D:10     | Noticed a cyclops
  9300 | D:9      | Killed a cyclops
  9300 | D:9      | Reached skill level 12 in Long Blades
  9300 | D:9      | Reached skill level 10 in Armour
  9409 | D:10     | Reached XP level 11. HP: 89/95 MP: 10/10
  9722 | D:10     | Reached skill level 10 in Shields
  9912 | D:10     | Noticed a white ugly thing
  9921 | D:10     | Killed a white ugly thing
  9921 | D:10     | Received a gift from Okawaru
  9931 | D:10     | Got a pair of faintly glowing gloves {god gift}
  9942 | D:10     | Identified the +2 pair of gloves "Tostesam" {rElec rF+ Slay+2} (Okawaru gifted it to you on level 10 of the Dungeon)
 10119 | D:11     | Noticed emsyzz's ghost (journeyman DEFE)
 10129 | D:11     | Killed emsyzz's ghost
 10177 | D:11     | Noticed Naow's ghost (journeyman DEFE)
 10188 | D:11     | Killed Naow's ghost
 10188 | D:11     | Reached skill level 13 in Long Blades
 10337 | D:11     | Noticed a hill giant
 10344 | D:11     | Killed a hill giant
 10487 | D:11     | Reached skill level 10 in Fighting
 10727 | D:11     | Found a roughly hewn altar of Beogh.
 10727 | D:11     | Noticed an orc knight
 10755 | D:11     | Killed an orc knight
 11265 | Lair:1   | Entered Level 1 of the Lair of Beasts
 11490 | Lair:1   | Reached skill level 14 in Long Blades
 11518 | Lair:1   | Noticed a five-headed hydra
 11525 | Lair:1   | Killed a two-headed hydra
 11525 | Lair:1   | Received a gift from Okawaru
 11525 | Lair:1   | Reached XP level 12. HP: 67/107 MP: 11/11
 11531 | Lair:1   | Got a translucent long sword {god gift}
 11532 | Lair:1   | Identified the +4 long sword of Doses {speed, rElec rPois} (Okawaru gifted it to you on level 1 of the Lair of Beasts)
 11630 | Lair:1   | Noticed a four-headed hydra
 11641 | Lair:1   | Killed an eight-headed hydra
 11642 | Lair:1   | Noticed a four-headed hydra
 11653 | Lair:1   | Killed a one-headed hydra
 11724 | Lair:1   | Noticed a four-headed hydra
 11731 | Lair:1   | Killed a one-headed hydra
 12145 | Lair:2   | Found a frozen archway.
 12272 | IceCv    | Entered an ice cave
 12285 | IceCv    | Reached ****** piety under Okawaru
 12337 | IceCv    | HP: 1/110 [white ugly thing (35)]
 12347 | IceCv    | Received a gift from Okawaru
 13950 | Lair:4   | Found a hole to the Spider Nest.
 13953 | Lair:4   | Noticed an eight-headed hydra
 13966 | Lair:4   | Killed a five-headed hydra
 14001 | Lair:4   | Reached XP level 13. HP: 86/118 MP: 12/12
 14441 | Lair:4   | Found a staircase to the Shoals.
 14445 | Lair:4   | HP: 5/118 [merfolk/trident (18)]
 14448 | Lair:4   | Mangled by a merfolk

Skill      XL: |  1  2  3  4  5  6  7  8  9 10 11 12 13 |
---------------+----------------------------------------+-----
Armour         | 4 5 6 7 8 10 11 12 13 | 13.0
Long Blades    | 3 4 5 6 8 10 12 14 | 14.9
Fighting       | 4 5 6 7 8 10 12 | 12.2
Shields        | 4 5 6 7 8 9 10 12 | 12.9
Dodging        | 1 2 3 4 |  4.8
Stealth        | 1 |  1.3
Invocations    | |  0.2

Action                   |  1- 3 |  4- 6 |  7- 9 | 10-12 | 13-15 || total
-------------------------+-------+-------+-------+-------+-------++-------
Melee: Long sword        |    93 |   138 |   284 |    10 |       ||   525
       Headbutt          |    15 |    28 |    74 |   171 |    27 ||   315
       Scimitar          |       |       |    23 |   621 |    61 ||   705
Invok: Heroism           |       |       |       |     4 |       ||     4
  Use: Scroll            |     2 |    10 |     2 |     8 |       ||    22
       Potion            |       |     2 |       |     4 |       ||     6
  Eat: Chunk             |       |     7 |    15 |    18 |     2 ||    42
       Fruit             |       |       |     1 |     2 |       ||     3
Armor: Scale mail        |    40 |    74 |   121 |       |       ||   235
       Plate armour      |       |       |    39 |   270 |    46 ||   355
Dodge: Dodged            |    30 |    70 |   129 |   161 |    22 ||   412
Block: Shield            |    57 |    99 |   173 |   347 |    62 ||   738
       Rpst.: Long sword |    11 |    20 |    25 |       |       ||    56
       Scimitar          |       |       |     3 |    40 |     4 ||    47
